 Dungeon Crawl Stone Soup version 0.20.0 (webtiles) character file.

39950 MatthieuS the Frost Mage (level 14, 0/88 HPs)
             Began as a Gargoyle Ice Elementalist on June 22, 2017.
             Was a High Priest of Vehumet.
             Slain by a lindwurm (8 damage)
             ... on level 6 of the Lair of Beasts.
             The game lasted 02:00:03 (23069 turns).

MatthieuS the Frost Mage (GrIE)                    Turns: 23069, Time: 02:00:05

Health: 0/88       AC: 20    Str: 19    XL:     14   Next: 8%
Magic:  11/37      EV: 13    Int: 17    God:    Vehumet [*****.]
Gold:   1022       SH:  5    Dex: 10    Spells: 2/24 levels left

rFire    . . .     SeeInvis +   e - staff of power
rCold    . . .     Gourm    +   J - +0 buckler
rNeg     + + +     Faith    .   d - +1 robe of the Desert {rN++ Regen+ Str+3 Int-2}
rPois    ∞         Spirit   .   O - +1 hat {SInv}
rElec    +         Reflect  .   B - +2 cloak
rCorr    .         Harm     .   (no gloves)
MR       +....                  (no boots)
Stlth    ++........             L - amulet of the gourmand
Regen    0.7/turn               h - +6 ring of slaying
MPRegen  0.3/turn               Y - +3 ring of protection

@: flying, very slightly contaminated, slowed, very slow
A: big wings, clever 1, negative energy resistance 1, electricity resistance,
unbreathing, petrification resistance, rot immunity, sturdy frame 1, AC +9
a: Fly, Renounce Religion


You were on level 6 of the Lair of Beasts.
You worshipped Vehumet.
Vehumet was extremely pleased with you.
You were very full.

You visited 3 branches of the dungeon, and saw 20 of its levels.
You also visited: Ice Cave.

You collected 1067 gold pieces.
You spent 45 gold pieces at shops.

Inventory:

Hand Weapons
 a - a +3 flail of freezing
 w - the +9 fustibalus "Wydaadoikh" {venom, rN+}
   (You acquired it on level 4 of the Lair of Beasts)

   It poisons the ammo it fires.
   It protects you from negative energy.
 A - a +0 dagger of freezing
Missiles
 v - 137 sling bullets
Armour
 d - the +1 robe of the Desert (worn) {rN++ Regen+ Str+3 Int-2}
   (You found it on level 4 of the Lair of Beasts)

   It affects your strength (+3).
   It affects your intelligence (-2).
   It greatly protects you from negative energy.
   It increases your rate of regeneration.
 B - a +2 cloak (worn)
 J - a +0 buckler (worn)
 O - a +1 hat of see invisible (worn)
Magical Staves
 e - an uncursed staff of power (weapon)
Jewellery
 h - a +6 ring of slaying (left hand)
 L - an amulet of the gourmand (around neck)
 M - a +3 amulet of reflection {unknown}
 Y - a +3 ring of protection (right hand)
Wands
 m - a wand of enslavement (0/24)
 x - a wand of disintegration (17/24)
 z - a wand of lightning (8/15)
 G - a wand of clouds (1/9)
 S - a wand of paralysis (1/24)
 U - a wand of confusion (12/48)
 W - a wand of random effects (15/48)
Scrolls
 j - a scroll of enchant weapon
 n - 4 scrolls of remove curse
 o - a scroll of fog
 q - a scroll of recharging
 u - 2 scrolls of noise
 D - a scroll of random uselessness {unknown}
 E - 2 scrolls of amnesia
 P - 3 scrolls of enchant armour
 R - a scroll of vulnerability {unknown}
 V - 3 scrolls of identify
Potions
 g - 4 potions of resistance
 r - 3 potions of mutation
 t - a potion of lignification
 T - a potion of flight
Books
 i - a book of Debilitation

   Spells                             Type                      Level
   a - Corona                         Hexes                        1
   b - Slow                           Hexes                        2
   c - Inner Flame                    Hexes/Fire                   3
   d - Portal Projectile              Hexes/Translocation          3
   e - Cause Fear                     Hexes                        4
   f - Leda's Liquefaction            Hexes/Earth                  4
 k - a book of Necromancy

   Spells                             Type                      Level
   a - Pain                           Necromancy                   1
   b - Animate Skeleton               Necromancy                   1
   c - Vampiric Draining              Necromancy                   3
   d - Regeneration                   Charms/Necromancy            3
   e - Animate Dead                   Necromancy                   4
   f - Control Undead                 Necromancy                   4
 s - a book of Enchantments

   Spells                             Type                      Level
   a - Cause Fear                     Hexes                        4
   b - Yara's Violent Unravelling     Hexes/Transmutation          5
   c - Silence                        Hexes/Air                    5
   d - Deflect Missiles               Charms/Air                   6
   e - Discord                        Hexes                        8
 y - a book of Changes

   Spells                             Type                      Level
   a - Beastly Appendage              Transmutation                1
   b - Sticks to Snakes               Transmutation                2
   c - Spider Form                    Transmutation/Poison         3
   d - Ice Form                       Ice/Transmutation            4
   e - Blade Hands                    Transmutation                5
 I - the Tome of Damage Dealing
   (You found it on level 8 of the Dungeon)

   Spells                             Type                      Level
   a - Throw Frost                    Conjuration/Ice              2
   b - Stone Arrow                    Conjuration/Earth            3
   c - Fulminant Prism                Conjuration/Hexes            4
   d - Bolt of Draining               Conjuration/Necromancy       5
   e - Freezing Cloud                 Conjuration/Ice/Air          6
Comestibles
 c - 7 bread rations
 p - 6 meat rations
 F - 22 fruits
 H - a royal jelly


   Skills:
 - Level 10.0 Fighting
 - Level 7.3 Maces & Flails
 - Level 2.1 Slings
 - Level 5.5 Armour
 - Level 3.6 Dodging
 - Level 2.1 Stealth
 - Level 5.0 Shields
 - Level 5.5 Spellcasting
 - Level 5.2 Conjurations
 + Level 6.7 Summonings
 + Level 14.2 Ice Magic
 + Level 6.2 Air Magic


You had 2 spell levels left.
You knew the following spells:

 Your Spells              Type           Power        Failure   Level  Hunger
a - Freeze                Ice            ####         1%          1    None
b - Throw Icicle          Conj/Ice       #####...     1%          4    ####...
c - Ozocubu's Armour      Chrm/Ice       ####....     2%          3    ##.....
d - Summon Ice Beast      Ice/Summ       #####...     1%          4    ####...
e - Freezing Cloud        Conj/Ice/Air   ####......   16%         6    #######
f - Ice Form              Ice/Tmut       ####....     7%          4    ####...


Dungeon Overview and Level Annotations

Branches:
Dungeon (13/15)            Temple (1/1) D:5            Lair (6/6) D:10
    Orc (0/2) D:9
  Swamp: Lair:2-4    Shoals: Lair:2-4     Snake: Lair:2-4    Spider: Lair:2-4
  Slime: Lair:5-6    Vaults: D:13-14

Altars:
Ashenzari
Cheibriados
Dithmenos
Elyvilon
Fedhas
Gozag
Hepliaklqana
Kikubaaqudgha
Makhleb
Nemelex Xobeh
Okawaru
Qazlal
Ru
Sif Muna
Trog
Uskayaw
Vehumet
Xom
Yredelemnul
Zin
The Shining One

Shops:
D:11 ::*(:

Annotations:
D:3 1 runed door
D:5 myxocpahck's ghost, novice MiBe
D:6 2 transporters
Lair:6 1 runed door


Innate Abilities, Weirdness & Mutations

You are resistant to torment.
Your stone body is resilient. (AC +9)
You are immune to poison.
Your large and strong wings let you fly indefinitely.
You resist negative energy. (rN+)
You are resistant to electric shocks. (rElec)
You can survive without breathing.
You are immune to petrification.
You are immune to rotting.
Your mind is acute. (Int +2)
Your movements are slightly less encumbered by armour. (ER -2)


Message History

a - a +3 flail of freezing The lindwurm breathes flames at you.
The blast of flame hits you!
Your icy armour melts away.
The tyrant leech bites you but does no damage.
The lindwurm bites you! The lindwurm closely misses you. x2
The tyrant leech bites you but does no damage.
The lindwurm breathes flames at you. The blast of flame hits you!
* * * LOW HITPOINT WARNING * * *
Aiming: Cloud Cone (will waste charges)
Press: ? - help, Dir - move target cursor, f/p - hornet
Aim: a hornet (lightly wounded)
You create a blast of freezing vapour!
Evoking this partially-identified wand wasted a few charges.
The hornet is engulfed in freezing vapours. x2
The torpor snail is engulfed in freezing vapours. x2
The lindwurm is engulfed in freezing vapours.
The lindwurm bites you!
You die...

###### ######## #
###§§§w##### #.##.P.##.
#...§wyk...#####........#
#(..####w@...##.....#.#...
#..# ####..#.....#####..
#.. ######.....##.# #.##
#.. #.##.....#.# ## ###.
##. ###......#.## ##..
######.:.....#### #...
#.#...#....## ##..#
##...##.#...## ##..##
##...####.#...## #...#


You could see a tyrant leech, 2 torpor snails, a lindwurm and a hornet.

Vanquished Creatures
  2 hydras
  Erica (Lair:2)
  A catoblepas (Lair:5)
  2 death yaks (Lair:4)
  2 two-headed ogres (D:9)
  2 lindwurms (Lair:6)
  A cyclops (D:13)
  4 black mambas
  2 centaur zombies
  6 elephants
  3 torpor snails (Lair:6)
  A gargoyle (D:10)
  A kobold demonologist (D:11)
  8 spiny frogs
  4 komodo dragons
  3 ice devils (Lair:4)
  A polar bear (Lair:5)
  4 trolls
  14 blink frogs
  A tyrant leech (Lair:5)
  4 hornets (Lair:6)
  6 hippogriffs
  3 wyverns
  2 wraiths
  16 yaks
  A hungry ghost (D:8)
  2 steam dragons
  13 water moccasins
  2 orc warriors
  5 porcupines
  2 sky beasts
  An ice beast (D:8)
  3 black bears
  A phantom (D:4)
  2 centaurs (D:10)
  9 wolves (Lair:2)
  3 ogres
  10 crocodiles
  A big kobold (D:11)
  10 bullfrogs
  5 killer bees (D:7)
  A howler monkey (D:4)
  5 crimson imps
  7 hounds
  5 jellies
  2 orc wizards
  A centaur skeleton (D:8)
  7 orc priests
  A bullfrog skeleton (D:11)
  2 iguanas
  8 worker ants
  A hound skeleton (D:11)
  2 worker ant zombies
  12 adders
  4 shadow imps
  A white imp (D:4)
  An ufetubus (IceCv)
  An ooze (D:2)
  3 adder skeletons
  4 dart slugs
  3 leopard geckos
  23 orcs
  2 giant cockroaches
  4 goblins
  10 hobgoblins
  13 jackals
  5 quokkas
  A ball python (D:6)
  5 bats
  4 frilled lizards
  2 goblin skeletons (D:4)
  2 goblin zombies (D:4)
  A hobgoblin zombie (D:4)
  15 kobolds
  2 kobold skeletons (D:4)
  2 kobold zombies (D:4)
  3 leopard gecko skeletons
  2 orc skeletons (D:4)
  An orc zombie (D:4)
  A quokka skeleton (D:4)
  9 rats
  A plant (Lair:6)
343 creatures vanquished.

Vanquished Creatures (collateral kills)
  Gastronok (D:12)
  3 hydras
  A catoblepas (Lair:5)
  2 death yaks
  A two-headed ogre (D:13)
  Sonja (Lair:1)
  6 elephants
  A centaur skeleton (D:12)
  2 spiny frogs
  A kobold demonologist (D:11)
  2 komodo dragons
  A troll (D:11)
  6 blink frogs
  A tyrant leech (Lair:6)
  4 hornets
  A hippogriff (Lair:4)
  A wraith (D:12)
  17 yaks
  2 water moccasins
  2 porcupines (Lair:2)
  A sky beast (D:11)
  6 wolves (Lair:2)
  4 crocodiles
  2 bullfrogs
  A hound (Lair:2)
  2 ufetubi
  2 orcs (D:9)
  A kobold (D:11)
  A butterfly (Lair:6)
76 creatures vanquished.

Vanquished Creatures (others)
  5 dream sheep (Lair:2)
  2 white imps (IceCv)
  An ufetubus (IceCv)
  13 fungi
  28 plants
49 creatures vanquished.

Grand Total: 468 creatures vanquished

Notes
Turn   | Place    | Note
-------+----------+-------------------------------------------
     0 | D:1      | MatthieuS the Gargoyle Ice Elementalist began the quest for the Orb.
     0 | D:1      | Reached XP level 1. HP: 10/10 MP: 3/3
   299 | D:1      | Reached XP level 2. HP: 10/16 MP: 0/5
   500 | D:1      | Learned a level 2 spell: Throw Frost
   679 | D:1      | Reached skill level 1 in Fighting
   782 | D:1      | Reached XP level 3. HP: 20/20 MP: 6/6
  1140 | D:2      | Found a basalt altar of Yredelemnul.
  1261 | D:2      | Reached skill level 4 in Ice Magic
  1407 | D:2      | Reached XP level 4. HP: 26/26 MP: 7/7
  1502 | D:2      | Found an iron altar of Okawaru.
  1568 | D:2      | Found a hazy altar of Hepliaklqana.
  2196 | D:3      | Found a bloodstained altar of Trog.
  2319 | D:3      | Found a runed door.
  2319 | D:3      | Noticed a human
  2324 | D:3      | Found a basalt altar of Yredelemnul.
  2710 | D:3      | Found a sacrificial altar of Ru.
  2879 | D:4      | Reached skill level 1 in Maces & Flails
  2879 | D:4      | Reached XP level 5. HP: 31/31 MP: 8/8
  3034 | D:4      | Found a hide-covered altar of Uskayaw.
  3069 | D:4      | Found a glowing golden altar of the Shining One.
  3102 | D:4      | Noticed a phantom
  3115 | D:4      | Killed a phantom
  3115 | D:4      | Reached skill level 5 in Ice Magic
  3115 | D:4      | Reached XP level 6. HP: 31/37 MP: 9/9
  3647 | D:5      | Entered Level 5 of the Dungeon
  3647 | D:5      | Noticed myxocpahck's ghost (novice MiBe)
  3920 | D:5      | Reached XP level 7. HP: 43/43 MP: 10/10
  4025 | D:5      | Found a staircase to the Ecumenical Temple.
  4034 | Temple   | Entered the Ecumenical Temple
  4170 | Temple   | Became a worshipper of Vehumet
  4633 | D:6      | Found a burning altar of Makhleb.
  4634 | D:6      | Noticed a yak
  4638 | D:6      | Got a transparent chain mail
  4656 | D:6      | Identified the +1 chain mail of Magic {Str+3 Slay-4 Stlth+} (You found it on level 6 of the Dungeon)
  4684 | D:6      | Learned a level 3 spell: Ozocubu's Armour
  4689 | D:6      | Learned a level 4 spell: Summon Ice Beast
  5002 | D:6      | Reached skill level 6 in Ice Magic
  5005 | D:6      | Reached skill level 5 in Fighting
  5052 | D:6      | Reached XP level 8. HP: 38/49 MP: 11/11
  5381 | D:6      | You fall through a shaft!
  5657 | D:7      | Reached * piety under Vehumet
  5657 | D:7      | Offered knowledge of Sting by Vehumet.
  5775 | D:7      | Found a shadowy altar of Dithmenos.
  5840 | D:7      | Reached skill level 5 in Maces & Flails
  5848 | D:7      | Reached skill level 7 in Ice Magic
  6220 | D:7      | Noticed a hippogriff
  6233 | D:7      | Killed a hippogriff
  6233 | D:7      | Reached XP level 9. HP: 29/57 MP: 12/12
  6776 | D:8      | Identified the Tome of Damage Dealing
  6886 | D:8      | Reached skill level 8 in Ice Magic
  6944 | D:8      | Reached skill level 1 in Summonings
  7208 | D:9      | Noticed a two-headed ogre
  7225 | D:9      | Killed a two-headed ogre
  7474 | D:9      | Reached ** piety under Vehumet
  7474 | D:9      | Reached skill level 9 in Ice Magic
  7507 | D:9      | Found a deep blue altar of Sif Muna.
  7509 | D:9      | Found a glowing silver altar of Zin.
  7512 | D:9      | Found a blossoming altar of Fedhas.
  7539 | D:9      | Found a staircase to the Orcish Mines.
  7567 | D:9      | Offered knowledge of Flame Tongue by Vehumet.
  7825 | D:9      | Noticed a two-headed ogre
  7885 | D:9      | Killed a two-headed ogre
  7885 | D:9      | Reached XP level 10. HP: 22/64 MP: 14/16
  8493 | D:10     | Entered Level 10 of the Dungeon
  8530 | D:10     | You fall through a shaft for 3 floors!
  8647 | D:13     | Noticed a two-headed ogre
  8659 | D:13     | Killed a two-headed ogre
  8804 | D:13     | Noticed a catoblepas
  8906 | D:13     | Noticed a cyclops
  8963 | D:13     | Killed a cyclops
  8963 | D:13     | Reached skill level 10 in Ice Magic
  9307 | D:11     | Found Agoarches's Book Shop.
  9328 | D:11     | Gained mutation: Your movements are slightly less encumbered by armour. (ER -2) [potion of mutation]
  9328 | D:11     | Gained mutation: Your mind is acute. (Int +2) [potion of mutation]
  9627 | D:10     | Noticed a gargoyle
  9635 | D:10     | Killed a gargoyle
  9635 | D:10     | Reached skill level 5 in Spellcasting
  9879 | D:10     | Learned a level 4 spell: Throw Icicle
 10231 | D:10     | Found a staircase to the Lair.
 10285 | D:10     | Reached skill level 1 in Armour
 10285 | D:10     | Reached XP level 11. HP: 37/71 MP: 3/18
 11270 | D:11     | Offered knowledge of Searing Ray by Vehumet.
 11379 | D:11     | Reached skill level 11 in Ice Magic
 11488 | D:10     | Learned a level 6 spell: Freezing Cloud
 11770 | D:11     | Found Votalusy's General Store.
 11779 | D:11     | Bought a scroll of fear for 45 gold pieces
 11799 | D:11     | Found Ylloutuw's Book Boutique.
 11805 | D:11     | Reached *** piety under Vehumet
 11828 | D:11     | Found Axzux's Book Boutique.
 12104 | D:11     | Found Tacvaimi's Antique Weapon Shoppe.
 12256 | D:12     | Reached skill level 1 in Air Magic
 12450 | D:11     | Noticed a sixfirhy
 12604 | D:12     | Noticed an eight-headed hydra
 12811 | D:11     | Offered knowledge of Olgreb's Toxic Radiance by Vehumet.
 13283 | D:12     | Noticed Gastronok
 13307 | D:12     | Killed Gastronok
 13307 | D:12     | Reached skill level 5 in Armour
 13556 | Lair:1   | Entered Level 1 of the Lair of Beasts
 13563 | Lair:1   | Noticed Sonja
 13813 | Lair:1   | Killed Sonja
 14046 | Lair:1   | Reached XP level 12. HP: 76/76 MP: 20/20
 14172 | Lair:1   | Noticed a four-headed hydra
 14174 | Lair:1   | Reached skill level 1 in Shields
 14175 | Lair:1   | Noticed a seven-headed hydra
 14194 | Lair:1   | Killed a four-headed hydra
 14205 | Lair:1   | Killed a seven-headed hydra
 14375 | Lair:1   | Noticed a death yak
 14376 | Lair:1   | Noticed a death yak
 14376 | Lair:1   | Noticed a death yak
 14561 | Lair:2   | Reached **** piety under Vehumet
 14611 | Lair:2   | Reached skill level 12 in Ice Magic
 14630 | Lair:2   | Offered knowledge of Iskenderun's Battlesphere by Vehumet.
 15205 | Lair:2   | Noticed Erica
 15214 | Lair:2   | Killed Erica
 15314 | Lair:2   | Reached skill level 5 in Shields
 15918 | Lair:2   | Found a shimmering altar of Xom.
 16441 | Lair:2   | You fall through a shaft for 2 floors!
 16496 | Lair:4   | Identified a scroll of acquirement
 16497 | Lair:4   | Got a steaming fustibalus
 16498 | Lair:4   | Identified the +9 fustibalus "Wydaadoikh" {venom, rN+} (You acquired it on level 4 of the Lair of Beasts)
 16586 | Lair:4   | Noticed a seven-headed hydra
 16593 | Lair:4   | Killed a seven-headed hydra
 16644 | Lair:4   | Found a frozen archway.
 16660 | Lair:4   | Reached skill level 1 in Slings
 16692 | IceCv    | Entered an ice cave
 16988 | Lair:4   | Noticed a death yak
 17038 | Lair:4   | Reached skill level 13 in Ice Magic
 17181 | Lair:4   | Got a sheer robe
 17192 | Lair:4   | Identified the +1 robe of the Desert {rN++ Regen+ Str+3 Int-2} (You found it on level 4 of the Lair of Beasts)
 17684 | Lair:4   | Reached ***** piety under Vehumet
 17705 | Lair:4   | Offered knowledge of Poison Arrow by Vehumet.
 17827 | Lair:4   | Noticed a death yak
 17828 | Lair:4   | Noticed a death yak
 17857 | Lair:4   | Killed a death yak
 17863 | Lair:4   | Killed a death yak
 17863 | Lair:4   | Reached XP level 13. HP: 52/81 MP: 3/21
 18734 | Lair:5   | Reached skill level 10 in Fighting
 19167 | Lair:5   | Reached skill level 5 in Conjurations
 20005 | Lair:6   | Entered Level 6 of the Lair of Beasts
 20068 | Lair:5   | Reached skill level 14 in Ice Magic
 20379 | Lair:6   | Found a runed door.
 21046 | Lair:5   | Reached skill level 5 in Summonings
 21206 | Lair:6   | Reached skill level 5 in Air Magic
 21805 | Lair:5   | HP: 2/82 [catoblepas (11)]
 22439 | Lair:6   | Gained mutation: Your large and strong wings let you fly indefinitely. [Gargoyle growth]
 22439 | Lair:6   | Reached XP level 14. HP: 88/88 MP: 5/22
 22979 | Lair:6   | Learned a level 4 spell: Ice Form
 23069 | Lair:6   | Slain by a lindwurm

Skill      XL: |  1  2  3  4  5  6  7  8  9 10 11 12 13 |
---------------+----------------------------------------+-----
Fighting       | 1 2 3 4 5 7 8 9 10 | 10.0
Ice Magic      | 4 5 6 7 9 10 11 13 14 | 14.2
Maces & Flails | 1 2 4 5 6 7 |  7.3
Summonings     | 2 4 6 |  6.7
Spellcasting   | 4 5 |  5.5
Armour         | 1 5 |  5.5
Air Magic      | 2 3 6 |  6.2
Conjurations   | 3 5 |  5.2
Shields        | 5 |  5.0
Dodging        | 2 3 |  3.6
Slings         | 2 |  2.1
Stealth        | |  2.1

Action                   |  1- 3 |  4- 6 |  7- 9 | 10-12 | 13-15 || total
-------------------------+-------+-------+-------+-------+-------++-------
Melee: Dagger            |    56 |    66 |    62 |       |       ||   184
       Unarmed           |     1 |       |       |       |       ||     1
       Spear             |    39 |       |       |       |       ||    39
       Mace              |       |     5 |       |       |       ||     5
       Dire flail        |       |       |    33 |    19 |       ||    52
       Flail             |       |       |       |   136 |    38 ||   174
       Staff             |       |       |       |     3 |     2 ||     5
 Fire: Hunting sling     |       |    98 |   283 |    41 |       ||   422
       Fustibalus        |       |       |       |    17 |     4 ||    21
 Cast: Freeze            |    13 |       |       |   145 |   154 ||   312
       Ozocubu's Armour  |       |       |     3 |    28 |    18 ||    49
       Summon Ice Beast  |       |       |     1 |   116 |    93 ||   210
       Throw Frost       |       |       |       |    19 |       ||    19
       Throw Icicle      |       |       |       |   144 |   132 ||   276
       Freezing Cloud    |       |       |       |       |     3 ||     3
Evoke: Wand              |       |       |     1 |     3 |     1 ||     5
  Use: Scroll            |       |       |     8 |    13 |     5 ||    26
       Potion            |       |       |       |    14 |     5 ||    19
 Stab: Distracted        |       |       |       |     1 |       ||     1
  Eat: Chunk             |     2 |     7 |    12 |    45 |    56 ||   122
       Fruit             |       |     1 |       |     2 |       ||     3
       Meat ration       |       |       |     1 |     1 |       ||     2
       Bread ration      |       |       |       |     6 |       ||     6
Armor: Robe              |    16 |       |       |    24 |   216 ||   256
       Plate armour      |    52 |    51 |       |       |       ||   103
       Scale mail        |       |    53 |    19 |       |       ||    72
       Ring mail         |       |     3 |   141 |       |       ||   144
       Leather armour    |       |       |    23 |    91 |       ||   114
       Troll leather arm |       |       |       |   206 |       ||   206
       Skin              |       |       |       |     1 |       ||     1
Dodge: Dodged            |    23 |    63 |   165 |   316 |   196 ||   763
Block: Buckler           |       |       |       |    54 |    81 ||   135
